 Dungeon Crawl Stone Soup version 0.17.2 (webtiles) character file.

3675 Goblin1989 the Cruncher (level 10, -2/61 HPs)
             Began as a Gargoyle Gladiator on June 19, 2016.
             Was an Elder of Makhleb.
             Splashed by a jelly's acid (5 damage)
             ... on level 10 of the Dungeon.
             The game lasted 00:25:55 (8190 turns).

Goblin1989 the Cruncher (Gargoyle Gladiator)        Turns: 8190, Time: 00:25:55

Health: -2/61      AC: 20    Str: 25    XL:     10   Next: 13%
Magic:  10/10      EV:  8    Int: 10    God:    Makhleb [****..]
Gold:   275        SH:  0    Dex: 10    Spells: 0 memorised, 9 levels left

rFire  . . .     SeeInvis .     a - +0 quarterstaff
rCold  . . .     Clarity  +     G - +0 plate armour
rNeg   + . .     SustAt   .     (shield currently unavailable)
rPois  ∞         Gourm    .     c - +1 helmet
rElec  +         Spirit   .     t - +0 cloak
rCorr  .         Warding  .     F - +0 pair of gloves
rMut   .         Stasis   .     (no boots)
MR     .....                    w - amulet of clarity {Clar, !d}
Stlth  ..........               p - +4 ring of strength
                                (no ring)

@: corroded equipment, very slightly contaminated, invisible (expiring), not
resistant to hostile enchantments, extremely unstealthy
A: negative energy resistance 1, electricity resistance, unbreathing,
petrification resistance, rot immunity, AC +7
a: Minor Destruction, Lesser Servant of Makhleb, Major Destruction, Renounce
Religion


You were on level 10 of the Dungeon.
You worshipped Makhleb.
Makhleb was greatly pleased with you.
You were near starving.

You visited 2 branches of the dungeon, and saw 11 of its levels.
You also visited: Sewer.

You collected 371 gold pieces.
You spent 96 gold pieces at shops.

Inventory:

Hand Weapons
 a - a +0 quarterstaff (weapon)
 b - a +0 arbalest
Missiles
 d - 2 throwing nets (quivered) {=f, !d}
 m - 31 bolts
 x - 16 arrows of frost
 y - 12 poisoned arrows
 z - 15 bolts of penetration
 A - 7 arrows of flame
 H - 79 arrows
Armour
 c - a +1 helmet (worn)
 t - a +0 cloak (worn)
 F - a +0 pair of gloves (worn)
 G - a +0 plate armour (worn)
Jewellery
 p - a +4 ring of strength (right hand)
 w - an amulet of clarity (around neck) {Clar, !d}
 L - a +2 ring of dexterity {unknown}
Wands
 C - a wand of slowing (25)
 D - a wand of flame (34)
 N - a wand of magic darts (24)
Scrolls
 h - 10 scrolls of identify
 o - 3 scrolls of magic mapping {!r}
 q - 2 scrolls of fog {unknown}
 r - 2 scrolls of remove curse
 E - a scroll of immolation {!r}
 I - 2 scrolls of vulnerability {unknown}
 J - 3 scrolls of blinking {!r}
Potions
 f - 5 potions of curing
 i - a potion of agility
 j - a potion of invisibility
 k - 2 potions of brilliance
 l - a potion of cancellation
 s - a potion of cure mutation {unknown}
 B - 2 potions of heal wounds {unknown}
 K - a potion of poison {unknown}
 M - a potion of degeneration {unknown}
 O - a potion of resistance {unknown}
Comestibles
 e - 7 bread rations
 g - 2 meat rations
 n - 3 slices of pizza
 u - 12 fruits
 v - 2 beef jerkies


   Skills:
 + Level 6.5 Fighting
 + Level 11.9 Staves
 - Level 1.7 Throwing
 + Level 5.9 Armour
 - Level 2.4 Dodging


You had 9 spell levels left.
You didn't know any spells.

Dungeon Overview and Level Annotations

Branches:
Dungeon (10/15)            Temple (1/1) D:5
   Lair: D:8-11         Orc: D:9-12

Altars:
Ashenzari
Cheibriados
Dithmenos
Elyvilon
Fedhas
Gozag
Kikubaaqudgha
Makhleb
Nemelex Xobeh
Okawaru
Qazlal
Ru
Sif Muna
Trog
Vehumet
Xom
Yredelemnul
Zin
The Shining One

Shops:
D:4 ?   D:7 =


Innate Abilities, Weirdness & Mutations

You are resistant to torment.
Your stone body is resilient (AC +7).
You are immune to poison.
You resist negative energy.
You are resistant to electric shocks.
You can survive without breathing.
You are immune to petrification.
You are immune to rotting.


Message History

The stone hits the orc wizard but does no damage.
The orc wizard casts a spell at the kobold.
The kobold seems to slow down.
The kobold shouts!
There is a stone staircase leading down here.
The big kobold throws a stone.
You climb downwards.
A jelly and an eye of draining come into view.
The jelly quivers.
The eye of draining turns its gaze towards you.
Found a bread ration.
There is a stone staircase leading up here.
The jelly hits you but does no damage.
You flicker for a moment.
You hit the jelly.
Your hands burn!
* * * LOW HITPOINT WARNING * * *
You take 4 damage, and have 3/61 hp.
You closely miss the jelly. The jelly closely misses you.
You hit the jelly. The acid corrodes you!
Your hands burn!
You die...

#...%...#..
........#.####
#.#####.#....#
#.......<..#
#####.#.#..#
#......#
###.##.#
#.##.# #.J@.#
######


You could see a jelly.

Vanquished Creatures
  A gargoyle (D:9)
  A hungry ghost (D:7)
  Duvessa (D:4)
  An ice beast (D:9)
  A sky beast (D:8)
  A necrophage (D:9)
  An orc warrior (D:8)
  5 ogres
  A phantom (D:9)
  4 centaurs
  3 big kobolds (D:9)
  A crocodile (Sewer)
  Dowan (D:4)
  3 giant frogs
  2 scorpions
  2 jellies
  4 crimson imps
  A giant frog zombie (D:3)
  3 hounds
  2 iguanas
  Terence (D:3)
  9 orc wizards
  4 orc priests
  5 worker ants
  A hound skeleton (D:8)
  Robin (D:4)
  11 gnolls
  15 adders
  A shadow imp (D:8)
  An adder zombie (D:9)
  6 worms
  3 giant geckos
  38 orcs
  5 bats
  8 giant cockroaches
  13 goblins
  10 hobgoblins
  33 kobolds
  A ball python (D:5)
  4 giant newts
  10 jackals
  A jackal skeleton (D:4)
  A quokka (D:5)
  12 rats
233 creatures vanquished.

Vanquished Creatures (others)
  A goblin (D:4)
1 creature vanquished.

Grand Total: 234 creatures vanquished

Notes
Turn   | Place    | Note
--------------------------------------------------------------
     0 | D:1      | Goblin1989 the Gargoyle Gladiator began the quest for the Orb.
     0 | D:1      | Reached XP level 1. HP: 12/12 MP: 1/1
    55 | D:1      | Reached XP level 2. HP: 12/17 MP: 2/2
   439 | D:1      | Reached skill level 4 in Staves
   661 | D:1      | Reached XP level 3. HP: 21/21 MP: 3/3
  1192 | D:2      | Reached XP level 4. HP: 13/26 MP: 4/4
  1378 | D:2      | Reached skill level 5 in Staves
  1893 | D:3      | Found a radiant altar of Vehumet.
  1988 | D:3      | Reached XP level 5. HP: 20/30 MP: 5/5
  2127 | D:3      | Noticed Terence
  2132 | D:3      | Killed Terence
  2250 | D:3      | Reached skill level 6 in Staves
  2680 | D:3      | You fall through a shaft!
  2680 | D:4      | Noticed Duvessa
  2680 | D:4      | Noticed Dowan
  2696 | D:4      | Killed Duvessa
  2696 | D:4      | Reached skill level 7 in Staves
  2696 | D:4      | Reached XP level 6. HP: 25/35 MP: 6/6
  2700 | D:4      | Killed Dowan
  2753 | D:4      | Found a deep blue altar of Sif Muna.
  2757 | D:4      | Found Kyskioff's Magic Scroll Shop.
  2806 | D:4      | Found a glowing drain.
  2848 | D:4      | Reached XP level 7. HP: 26/40 MP: 7/7
  2917 | Sewer    | Entered a sewer
  3118 | Sewer    | Reached skill level 8 in Staves
  3324 | D:4      | Bought 2 scrolls of identify for 48 gold pieces
  3324 | D:4      | Bought a scroll of identify for 24 gold pieces
  3324 | D:4      | Bought a scroll of identify for 24 gold pieces
  3465 | D:4      | Found a white marble altar of Elyvilon.
  3818 | D:4      | Noticed Robin
  3839 | D:4      | Killed Robin
  4073 | D:5      | Entered Level 5 of the Dungeon
  4099 | D:5      | Found a staircase to the Ecumenical Temple.
  4110 | Temple   | Entered the Ecumenical Temple
  4330 | Temple   | Became a worshipper of Makhleb the Destroyer
  4409 | D:5      | Found a snail-covered altar of Cheibriados.
  4622 | D:5      | Found a snail-covered altar of Cheibriados.
  4742 | D:5      | Found a sacrificial altar of Ru.
  4946 | D:5      | Reached skill level 9 in Staves
  4981 | D:5      | Reached XP level 8. HP: 36/44 MP: 8/8
  4994 | D:5      | Reached * piety under Makhleb
  4996 | D:5      | Found a shattered altar of Ashenzari.
  4997 | D:5      | Found a glowing golden altar of the Shining One.
  5109 | D:6      | Found a bloodstained altar of Trog.
  5571 | D:6      | Reached skill level 10 in Staves
  5891 | D:6      | Reached ** piety under Makhleb
  6395 | D:7      | Reached skill level 1 in Armour
  6446 | D:7      | Reached skill level 11 in Staves
  6446 | D:7      | Reached XP level 9. HP: 49/51 MP: 9/9
  6598 | D:7      | Found Gofin's Jewellery Shoppe.
  6844 | D:8      | Found a shattered altar of Ashenzari.
  7016 | D:8      | Reached *** piety under Makhleb
  7197 | D:8      | Found a glowing silver altar of Zin.
  7242 | D:8      | Reached skill level 5 in Fighting
  7314 | D:8      | Found an opulent altar of Gozag.
  7314 | D:8      | Found a sparkling altar of Nemelex Xobeh.
  7541 | D:9      | Noticed a gargoyle
  7787 | D:9      | Killed a gargoyle
  7787 | D:9      | Reached skill level 5 in Armour
  7787 | D:9      | Reached XP level 10. HP: 13/60 MP: 10/10
  8056 | D:9      | Reached **** piety under Makhleb
  8136 | D:9      | Noticed a cyclops
  8179 | D:10     | Entered Level 10 of the Dungeon
  8188 | D:10     | HP: 2/61 [acid (5)]
  8190 | D:10     | Splashed by a jelly's acid

Action                   |  1- 3 |  4- 6 |  7- 9 | 10-12 || total
-------------------------+-------+-------+-------+-------++-------
Melee: Quarterstaff      |   111 |   242 |   648 |    76 ||  1077
Throw: Throwing net      |       |     1 |     1 |       ||     2
  Use: Scroll            |       |     9 |     6 |       ||    15
       Potion            |       |     2 |     3 |     1 ||     6
 Stab: Invisible         |       |       |     7 |     1 ||     8
  Eat: Chunk             |       |     7 |    17 |       ||    24
       Bread ration      |       |       |     1 |       ||     1
